Map: Cosmic Sapphire

Players

PlatoHand - Winner!

  • Race: Protoss Protoss
  • League: Silver
  • Spawn Location: 5:00

A.I. 1 (Very Easy)

  • Race: Protoss Protoss
  • Spawn Location: 11:00

VOD

Have the link to the VOD?

Description

Time

  • Played on: Sept. 20, 2022, 4:59 p.m.
  • Length: 9:14
Show
View Real Time Build Order
Export as new Build Order

PlatoHand Protoss - Winner!

Build Orders: 1 Gate Expand, Zealot Archon, Archon Drop 

Get SALT Encoding   

  12  0:01  Probe  
  13  0:13  Probe  
  14  0:21  Pylon  
  14  0:25  Probe  
  15  0:39  Probe (Chrono Boost)  
  16  0:45  Gateway  
  16  0:48  Probe (Chrono Boost)  
  17  0:52  Assimilator  
  17  0:53  Probe (Chrono Boost)  
  18  1:05  Probe  
  19  1:17  Probe  
  20  1:29  Probe  
  20  1:30  Nexus  
  21  1:41  Probe  
  21  1:43  Cybernetics Core  
  22  1:53  Probe  
  23  1:55  Pylon  
  23  1:58  Assimilator  
  23  2:13  Probe (Chrono Boost)  
  24  2:19  Adept  
  27  2:23  Probe (Chrono Boost)  
  27  2:28  Probe (Chrono Boost)  
  27  2:31  Pylon  
  28  2:39  Probe  
  28  2:44  Shield Battery  
  29  2:46  Robotics Facility  
  29  2:49  Probe (Chrono Boost)  
  30  2:57  Probe (Chrono Boost)  
  32  3:00  Probe (Chrono Boost)  
  32  3:04  Probe (Chrono Boost)  
  32  3:05  Probe (Chrono Boost)  
  34  3:16  Probe (Chrono Boost)  
  34  3:17  Probe (Chrono Boost)  
  34  3:19  Twilight Council, Forge  
  36  3:26  Assimilator  
  37  3:28  Probe (Chrono Boost), Assimilator  
  37  3:30  Warp Gate  
  37  3:33  Probe (Chrono Boost)  
  38  3:35  Probe (Chrono Boost)  
  38  3:40  Probe  
  40  3:42  Probe (Chrono Boost)  
  41  3:54  Probe (Chrono Boost)  
  43  3:58  Probe (Chrono Boost)  
  43  4:01  Protoss Ground Weapons Level 1  
  43  4:02  Probe (Chrono Boost)  
  44  4:05  Probe (Chrono Boost)  
  44  4:08  Probe  
  46  4:16  Observer  
  47  4:26  Pylon  
  47  4:27  Gateway  
  47  4:28  Gateway  
  47  4:29  Gateway  
  47  4:30  Gateway  
  47  4:33  Gateway  
  47  4:36  Gateway  
  47  4:39  Gateway  
  47  4:45  Templar Archives  
  47  4:49  Charge  
  47  4:53  Immortal  
  51  5:01  Pylon x2  
  51  5:02  Stalker  
  53  5:32  Warp Prism  
  55  5:36  High Templar x2  
  55  5:37  Zealot x3  
  55  5:38  Zealot x2  
  55  5:40  Archon  
  69  6:02  Pylon  
  69  6:06  High Templar x2, Pylon  
  69  6:07  Pylon  
  69  6:08  Zealot x2  
  77  6:12  Archon  
  77  6:42  High Templar x2  
  77  6:43  Zealot x5  
  77  6:44  Zealot  
  93  6:49  Archon  
  93  6:59  Immortal  
  97  7:25  High Templar x2  
  101  7:38  Pylon  
  101  7:40  Pylon  
  101  7:41  Pylon  
  101  7:43  Pylon  
  101  7:45  Gateway, Pylon x2  
  101  7:49  Gateway  
  101  7:51  Gateway  
  101  7:55  Archon  
  101  7:58  Zealot x2  
  101  7:59  Zealot x4  
  101  8:00  Zealot x2  
  117  8:28  High Templar x2  
  117  8:29  High Templar x2  
  117  8:30  Zealot x2  
  117  8:31  Zealot x2  
  133  8:37  Archon x2  
  133  8:45  High Templar x2  
  133  8:47  Zealot  
  139  9:07  High Templar x2  
  139  9:08  Zealot x2  
  139  9:09  Zealot  
Show
View Real Time Build Order
Export as new Build Order

A.I. 1 (Very Easy) Protoss 

Build Orders: 1 Gate Expand, Nexus First 

Get SALT Encoding   

  12  0:00  Probe  
  13  0:13  Probe  
  14  0:19  Pylon  
  14  0:42  Gateway  
  14  1:01  Nexus  
  14  1:19  Pylon  
  14  1:20  Zealot  
  14  1:22  Assimilator  
  16  1:33  Probe  
  16  1:36  Cybernetics Core  
  17  1:41  Probe  
  18  1:52  Probe  
  19  2:02  Assimilator  
  19  2:05  Probe  
  20  2:09  Stalker  
  22  2:16  Probe  
  22  2:17  Probe, Warp Gate  
  24  2:29  Probe  
  25  2:30  Probe  
  26  2:47  Probe  
  26  2:49  Assimilator  
  26  2:51  Pylon  
  27  2:55  Probe  
  28  3:01  Probe  
  29  3:09  Probe  
  29  3:12  Probe  
  30  3:13  Robotics Facility  
  31  3:24  Probe  
  32  3:27  Zealot  
  32  3:33  Probe  
  35  3:41  Probe  
  36  3:48  Probe  
  37  3:55  Probe  
  38  4:00  Observer  
  38  4:02  Probe  
  40  4:07  Probe  
  41  4:14  Probe  
  42  4:17  Assimilator  
  42  4:20  Probe  
  42  4:21  Observer  
  44  4:27  Probe  
  45  4:35  Pylon  
  45  4:38  Probe  
  46  4:39  Stalker  
  46  4:45  Probe  
  49  4:52  Probe  
  50  7:52  Stalker  
  50  7:54  Pylon  
  44  8:05  Probe  
  34  8:19  Probe  
  26  8:20  Zealot  
  27  8:27  Probe  
  19  8:35  Probe  
Tags
 
Add a new tag
Caveats
  • Supply blocks, unpowered buildings, or Contaminate may cause inaccurate times.
  • Supply counts are checked every 10 seconds.